 Dungeon Crawl Stone Soup version 0.20.1-1-g8b1a95d (webtiles) character file.

1145 letownia2 the Grave Robber (level 8, 47/64 HPs)
             Began as a Deep Dwarf Necromancer on Dec 21, 2017.
             Was an Initiate of Gozag.
             Quit the game on level 4 of the Dungeon.
             The game lasted 00:16:46 (5902 turns).

letownia2 the Grave Robber (Deep Dwarf Necromancer) Turns: 5902, Time: 00:16:47

Health: 47/64      AC:  9    Str: 12    XL:     8   Next: 15%
Magic:  3/17       EV: 11    Int: 18    God:    Gozag
Gold:   262        SH:  3    Dex: 13    Spells: 15/19 levels left

rFire    . . .     SeeInvis .   a - +0 dagger
rCold    . . .     Gourm    .   (no shield)
rNeg     . . .     Faith    .   x - +0 ring mail
rPois    .         Spirit   .   D - +0 helmet
rElec    .         Reflect  +   (no cloak)
rCorr    .         Harm     .   (no gloves)
MR       +....                  j - +2 pair of boots
Stlth    +.........             H - +3 amulet of reflection
Regen    0.0/turn               (no ring)
MPRegen  0.2/turn               (no ring)

@: gold aura, non-regenerating
A: damage resistance, heal wounds, sense surroundings 1, no regeneration
a: Heal Wounds, Potion Petition, Call Merchant, Bribe Branch, Renounce Religion


You were on level 4 of the Dungeon.
You worshipped Gozag.
Gozag was aware of your devotion.
You were not hungry.

You visited 2 branches of the dungeon, and saw 6 of its levels.

You collected 957 gold pieces.
You paid 695 gold pieces to Gozag.

Inventory:

Hand Weapons
 a - a +0 dagger (weapon)
 c - a +0 blowgun
 f - a cursed -3 short sword
 m - a +0 hand axe
 q - a +1 dagger of draining
 w - a -1 trident
Missiles
 k - 2 throwing nets (quivered)
 B - 26 bolts
 F - 2 curare-tipped needles
 G - 21 poisoned needles
Armour
 j - a +2 pair of boots (worn)
 x - a +0 ring mail (worn)
 D - a +0 helmet (worn)
Jewellery
 H - a +3 amulet of reflection (around neck)
Wands
 o - a wand of acid (11/15)
Scrolls
 e - 5 scrolls of identify
 g - a scroll of random uselessness {unknown}
 h - 2 scrolls of magic mapping {unknown}
 i - a scroll of amnesia {unknown}
 n - 6 scrolls of remove curse
 p - 2 scrolls of enchant armour {unknown}
 s - 5 scrolls of teleportation {unknown}
 t - a scroll of enchant weapon {unknown}
 u - 2 scrolls of fog {unknown}
 y - 3 scrolls of fear {unknown}
 I - a scroll of blinking {unknown}
 K - a scroll of brand weapon {unknown}
Potions
 d - 3 potions of brilliance {unknown}
 r - 2 potions of degeneration {unknown}
 v - 3 potions of curing {unknown}
 A - a potion of mutation {unknown}
 C - a potion of magic {unknown}
 J - a potion of agility {unknown}
 L - a potion of resistance {unknown}
Books
 b - a book of Necromancy

   Spells                             Type                      Level
   a - Pain                           Necromancy                   1
   b - Animate Skeleton               Necromancy                   1
   c - Vampiric Draining              Necromancy                   3
   d - Regeneration                   Charms/Necromancy            3
   e - Animate Dead                   Necromancy                   4
   f - Control Undead                 Necromancy                   4
Comestibles
 l - 3 fruits
 E - 4 bread rations


   Skills:
 - Level 1.4 Fighting
 - Level 2.1 Dodging
 - Level 2.4 Stealth
 + Level 6.2 Spellcasting
 - Level 7.4 Necromancy
 - Level 3.6 Evocations


You had 15 spell levels left.
You knew the following spells:

 Your Spells              Type           Power        Failure   Level  Hunger
a - Pain                  Necr           ####         1%          1    None
v - Vampiric Draining     Necr           ####......   3%          3    ##.....


Dungeon Overview and Level Annotations

Branches:
Dungeon (5/15)             Temple (1/1) D:4

Altars:
Cheibriados
Dithmenos
Fedhas
Gozag
Hepliaklqana
Kikubaaqudgha
Makhleb
Nemelex Xobeh
Okawaru
Qazlal
Ru
Sif Muna
Trog
Uskayaw
Xom
Zin

Shops:
D:4 [

Annotations:
D:5 letownia2's ghost, amateur DDNe


Innate Abilities, Weirdness & Mutations

You are resistant to damage.
You can heal yourself by infusing magical energy.
You passively map a small area around you.
You do not regenerate.


Message History

[d] 614 gold - Suabimo's Antique Armour Boutique Fund which merchant?
You no longer have enough gold to fund merchants seeking to open stores in the dungeon.
Suabimo invites you to visit its Antique Armour Boutique.
Adjust (i)tems, (s)pells, or (a)bilities?
Adjust which ability? b - Call Merchant Adjust to which letter?
B - Call Merchant Adjust (i)tems, (s)pells, or (a)bilities?
Adjust which ability? a - Potion Petition Adjust to which letter?
A - Potion Petition Put on which piece of jewellery? (? for menu, Esc to quit)
Okay, then.
Wear which item? (? for menu, Esc to quit)
Okay, then.
Okay, then.
Are you sure you want to abandon this character and quit the game? (Confirm with "yes".)

#.#.##.......#..........######...
#.#..####'############### ####
#.#######.#.#.# # #............##
# ###########.## # #.# # ##.## #
####...######### #
#.........@>...# #
#.##...#######.## ###
#######.###.#######...#########..
........# #.....................#
######### #########...###########
##......[w..... ##############


There were no monsters in sight!

Vanquished Creatures
  2 ogres (D:5)
  2 centaurs (D:5)
  A crocodile (D:3)
  A gnoll sergeant (D:5)
  A scorpion (D:5)
  2 jellies (D:3)
  2 bullfrog skeletons (D:5)
  2 hounds
  3 orc wizards
  A worker ant zombie (D:5)
  9 gnolls
  10 adders
  11 oozes (D:3)
  8 worms
  2 leopard geckos (D:2)
  11 orcs
  7 giant cockroaches
  6 hobgoblins
  8 jackals
  17 kobolds
  2 quokkas
  7 bats
  6 frilled lizards
  6 goblins
  2 leopard gecko skeletons
  6 rats
135 creatures vanquished.

Vanquished Creatures (others)
  3 fungi (D:3)
  9 toadstools (D:3)
12 creatures vanquished.

Grand Total: 147 creatures vanquished

Notes
Turn   | Place    | Note
-------+----------+-------------------------------------------
     0 | D:1      | letownia2 the Deep Dwarf Necromancer began the quest for the Orb.
     0 | D:1      | Reached XP level 1. HP: 15/15 MP: 3/3
   390 | D:4      | Reached XP level 2. HP: 19/22 MP: 0/5
   507 | D:4      | Reached skill level 5 in Necromancy
   697 | D:4      | Reached XP level 3. HP: 21/28 MP: 0/6
   704 | D:3      | Learned a level 3 spell: Vampiric Draining
   764 | D:4      | Reached XP level 4. HP: 27/36 MP: 0/7
   836 | D:4      | Reached skill level 6 in Necromancy
  1044 | D:4      | Found a staircase to the Ecumenical Temple.
  1053 | Temple   | Entered the Ecumenical Temple
  1141 | D:4      | Found a shadowy altar of Dithmenos.
  1144 | D:4      | Found a hide-covered altar of Uskayaw.
  1147 | D:4      | Found a glowing silver altar of Zin.
  1150 | D:4      | Found a sacrificial altar of Ru.
  1547 | Temple   | Became a worshipper of Gozag Ym Sagoz the Greedy
  1795 | D:3      | Found a faded altar of an unknown god.
  2170 | D:3      | Reached XP level 5. HP: 20/42 MP: 1/9
  2341 | D:2      | Found a burning altar of Makhleb.
  3331 | D:1      | Reached skill level 7 in Necromancy
  3633 | D:3      | Reached XP level 6. HP: 36/49 MP: 2/10
  4167 | D:3      | Reached skill level 1 in Fighting
  4718 | D:3      | Reached XP level 7. HP: 36/57 MP: 0/13
  4955 | D:5      | Entered Level 5 of the Dungeon
  4986 | D:5      | Reached skill level 1 in Evocations
  5135 | D:5      | Noticed letownia2's ghost (amateur DDNe)
  5415 | D:5      | Reached skill level 5 in Spellcasting
  5649 | D:5      | Reached XP level 8. HP: 29/64 MP: 6/16
  5902 | D:4      | Quit the game

Skill      XL: |  1  2  3  4  5  6  7  8 |
---------------+-------------------------+-----
Spellcasting   | 2 3 4 5 6 |  6.2
Necromancy     | 5 6 7 |  7.4
Fighting       | 1 |  1.4
Evocations     | 3 |  3.6
Dodging        | |  2.1
Stealth        | |  2.4

Action                   |  1- 3 |  4- 6 |  7- 9 || total
-------------------------+-------+-------+-------++-------
Melee: Unarmed           |     1 |       |       ||     1
       Dagger            |       |    29 |    26 ||    55
       Trident           |       |    40 |    23 ||    63
 Cast: Pain              |    28 |   200 |    31 ||   259
       Vampiric Draining |       |    19 |    27 ||    46
Invok: Call Merchant     |       |       |     1 ||     1
  Use: Scroll            |       |       |     2 ||     2
 Stab: Sleeping          |       |     1 |       ||     1
       Distracted        |       |       |     1 ||     1
  Eat: Chunk             |       |     6 |       ||     6
       Meat ration       |       |     2 |     1 ||     3
       Royal jelly       |       |     1 |       ||     1
Armor: Ring mail         |     8 |   103 |    24 ||   135
Dodge: Dodged            |    11 |   144 |    52 ||   207
Block: Other             |       |       |    11 ||    11
